 Dungeon Crawl Stone Soup version 0.30-a0-618-gd6c86c23d0 (webtiles) character file.

Game seed: 8840297420452635139

95 funkygono the Magician (level 4, -6/24 HPs)
             Began as a Deep Elf Fire Elementalist on Jan 9, 2023.
             Killed by nerve-wracking pain
             ... invoked by an orc priest
              (13 damage)
             ... on level 3 of the Dungeon.
             The game lasted 00:02:41 (2727 turns).

funkygono the Magician (Deep Elf Fire Elementalist) Turns: 2727, Time: 00:02:42

Health: -6/24      AC:  3    Str:  5    XL:     4   Next: 39%
Magic:  4/12       EV: 13    Int: 22    God:
Gold:   167        SH:  0    Dex: 15    Spells: 9/12 levels left

rFire   . . .      SeeInvis .    f - +0 dagger
rCold   . . .      Faith    .    (no shield)
rNeg    . . .      Spirit   .    a - +0 robe
rPois   .          Reflect  .    (no helmet)
rElec   .          Harm     .    (no cloak)
rCorr   .          Rampage  .    (no gloves)
Will    .....                    e - +0 pair of boots
Stlth   ++                       (no amulet)
HPRegen 0.24/turn                (no ring)
MPRegen 0.13/turn                (no ring)

@: no status effects
A: no striking features
a: no special abilities


You were on level 3 of the Dungeon.
You visited 1 branch of the dungeon, and saw 3 of its levels.

You collected 167 gold pieces.

Inventory:

Hand Weapons
 f - a +0 dagger (weapon)
 q - the +5 falchion of Riary Tuwos {flame, rF++}
   (You found it on level 2 of the Dungeon)

   rF:        It greatly protects you from fire.
Armour
 a - a +0 robe (worn)
 c - a +0 leather armour
 e - a +0 pair of boots (worn)
Scrolls
 d - a scroll of vulnerability {unknown}
 g - 4 scrolls of identify {unknown}
 i - a scroll of teleportation {unknown}
 k - a scroll of summoning {unknown}
 l - 2 scrolls of brand weapon {unknown}
 m - a scroll of amnesia {unknown}
Potions
 b - a potion of magic
 h - 2 potions of curing {unknown}
 j - a potion of degeneration {unknown}
 n - a potion of lignification {unknown}
 o - a potion of resistance {unknown}
 p - a potion of might {unknown}


   Skills:
 + Level 2.7 Dodging
 - Level 2.4 Stealth
 + Level 4.5 Spellcasting
 + Level 2.0 Conjurations
 + Level 4.4 Fire Magic


You had 9 spell levels left.
You knew the following spells:

 Your Spells              Type           Power      Damage    Failure   Level
a - Foxfire               Conj/Fire      76%        2x1d7     2%          1
b - Scorch                Fire           48%        2d7       2%          2

Your spell library contained the following spells:

 Spells                   Type           Power      Damage    Failure   Level
 Inner Flame              Hex/Fire       14%        N/A       13%         3
 Kindle Blastsparks       Fire/Tloc/Air  22%        2d11      17%         3
 Flame Wave               Conj/Fire      19%        2d7       28%         4


Dungeon Overview and Level Annotations

Branches:
Dungeon (3/15)

Altars:


Message History

Confirm with . or Enter, or press ? or * to list all spells.
Flames lash the ball python.
You kill the ball python!
The foxfire hits the orc priest.
The orc priest is moderately wounded.
The orc priest barely misses you.
Unknown command.
Casting: Scorch (safe; 2% risk of failure)
Confirm with . or Enter, or press ? or * to list all spells.
You conjure some foxfire!
The orc priest hits you from afar with a +0 trident.
Casting: Foxfire (safe; 2% risk of failure)
Confirm with . or Enter, or press ? or * to list all spells.
Flames lash the orc priest but do no damage.
The orc priest hits you from afar with a +0 trident.
Unknown command.
Casting: Scorch (safe; 2% risk of failure)
Confirm with . or Enter, or press ? or * to list all spells.
You conjure some foxfire!
The hobgoblin hits you. The orc priest barely misses you.
Casting: Foxfire (safe; 2% risk of failure)
Confirm with . or Enter, or press ? or * to list all spells.
Flames lash the hobgoblin.
You kill the hobgoblin!
You hear a shout!
The foxfire hits the orc priest.
The orc priest is moderately wounded.
The orc priest calls down the wrath of Beogh upon you.
Pain shoots through your body!
Ouch! That really hurt!
* * * LOW HITPOINT WARNING * * *
Unknown command.
The foxfire hits the orc priest but does no damage.
The orc priest is moderately wounded.
The foxfire hits the orc priest.
The orc priest is heavily wounded.
The orc priest calls down the wrath of Beogh upon you.
Pain shoots through your body!
Ouch! That really hurt!
You die...

########## ##
#####.........
#.
###.....####....
#.###...#####
#..).
######§#.†.###
#S†..
#.....§§@o..#
#....
..####§####.#
..... #. .#
#.†.. #. .#
...#. #. .. #.
.. #. ### #.


You could see an orc priest.

Vanquished Creatures
  An orc wizard (D:3)
  An adder (D:2)
  3 dart slugs
  4 endoplasms
  2 giant cockroaches (D:2)
  5 goblins
  6 hobgoblins
  2 jackals (D:1)
  4 quokkas (D:1)
  7 ball pythons
  5 bats
  3 frilled lizards (D:2)
  3 kobolds
  6 rats
52 creatures vanquished.

Vanquished Creatures (others)
  170 foxfires
170 creatures vanquished.

Grand Total: 222 creatures vanquished

Notes
Turn   | Place    | Note
-------+----------+-------------------------------------------
     0 | D:1      | funkygono the Deep Elf Fire Elementalist began the quest
                  | for the Orb.
     0 | D:1      | Reached XP level 1. HP: 10/10 MP: 6/6
   321 | D:1      | Reached XP level 2. HP: 15/15 MP: 2/8
   324 | D:1      | Learned a level 2 spell: Scorch
   626 | D:1      | Found a faded altar of an unknown god.
  1293 | D:2      | Reached XP level 3. HP: 19/19 MP: 6/10
  2089 | D:2      | Identified the +5 falchion of Riary Tuwos {flame, rF++}
  2603 | D:3      | Reached XP level 4. HP: 24/24 MP: 1/12
  2727 | D:3      | Killed from afar by an orc priest

Illustrated notes

Levels and vault maps discovered:
D:1:      lemuel_arrival_room, layout_loops_ring, basic_ecumenical_altar
D:2:      layout_basic, minmay_tetromino_o4
D:3:      layout_rooms, minmay_bisected, uniq_sigmund, uniq_crazy_yiuf_cottage

Skill      XL: |  1  2  3  4 |
---------------+-------------+-----
Fire Magic     | 4 |  4.4
Spellcasting   | 4 |  4.5
Conjurations   | 2 |  2.0
Dodging        | |  2.7
Stealth        | |  2.4

Action                   |  1- 3 |  4- 6 || total
-------------------------+-------+-------++-------
 Cast: Foxfire           |    90 |     7 ||    97
       Scorch            |    11 |     3 ||    14
Armor: Robe              |     1 |     4 ||     5
Dodge: Dodged            |    11 |     6 ||    17

Table legend: (Time is in decaauts)
 A = Elapsed time spent in this place.
 B = Non-inter-level travel time spent in this place.
 C = Inter-level travel time spent in this place.
 D = Time resting spent in this place.
 E = Time spent auto-exploring this place.
 F = Levels seen in this place.
 G = Mean time per level.
                   A        B        C        D        E       F      G
               +--------+--------+--------+--------+--------+-----+--------+
         Total |   2727 |   2621 |    106 |     40 |   2295 |   3 |  909.0 |
       Dungeon |   2727 |   2621 |    106 |     40 |   2295 |   3 |  909.0 |
               +--------+--------+--------+--------+--------+-----+--------+

Top non-repeatable levels by time:
     D:2: 1443 daAuts
     D:1: 1205 daAuts
     D:3: 78 daAuts
